 Dungeon Crawl Stone Soup version 0.24-a0-699-g5a66b1aa3b (webtiles) character file.

Game seed: 15165511182375500868, levelgen mode: deterministic

53 Brecoman the Gusty (level 3, 0/20 HPs)
             Began as a Tengu Air Elementalist on Sept 29, 2019.
             Succumbed to an adder's poison
             ... on level 2 of the Dungeon.
             The game lasted 00:03:53 (1489 turns).

Brecoman the Gusty (Tengu Air Elementalist)         Turns: 1489, Time: 00:03:54

Health: 0/20       AC:  9    Str:  9    XL:     3   Next: 89%
Magic:  7/7        EV:  4    Int: 15    God:
Gold:   91         SH:  0    Dex: 16    Spells: 5/6 levels left

rFire    . . .     SeeInvis +   l - +2 dagger (venom)
rCold    + . .     Gourm    .   (no shield)
rNeg     . . .     Faith    .   b - +1 chain mail {rC+}
rPois    .         Spirit   .   (helmet restricted)
rElec    .         Reflect  .   (no cloak)
rCorr    .         Harm     .   (no gloves)
MR       .....                  (boots unavailable)
Stlth    ..........             (no amulet)
HPRegen  0.06/turn              e - ring of see invisible
MPRegen  0.10/turn              (no ring)

@: lethally poisoned (0 -> -3)
A: beak, talons 3, agile 1, mutation resistance 1
a: no special abilities


You were on level 2 of the Dungeon.
You were not hungry.

You visited 1 branch of the dungeon, and saw 2 of its levels.

You collected 91 gold pieces.

Inventory:

Hand Weapons
 f - a +1 whip of flaming
 l - a +2 dagger of venom (weapon)
Missiles
 i - 67 stones (quivered)
Armour
 a - a +0 robe
 b - a +1 chain mail of cold resistance (worn)
Jewellery
 e - a ring of see invisible (left hand)
 m - an uncursed amulet of the acrobat {unknown}
Scrolls
 d - 2 scrolls of teleportation {unknown}
 h - 4 scrolls of identify {unknown}
 k - 4 scrolls of amnesia
 n - 2 scrolls of enchant weapon {unknown}
 p - 2 scrolls of magic mapping {unknown}
Comestibles
 c - 3 rations
 j - a chunk of flesh


   Skills:
 + Level 1.2 Fighting
 + Level 2.8 Dodging
 - Level 2.0 Stealth
 + Level 2.4 Spellcasting
 + Level 2.4 Conjurations
 + Level 4.5 Air Magic


You had 5 spell levels left.
You knew the following spells:

 Your Spells              Type           Power        Failure   Level  Hunger
a - Shock                 Conj/Air       ##..         100%        1    #......

Your spell library contained the following spells:

 Spells                   Type           Power        Failure   Level  Hunger
 Swiftness                Chrm/Air       #.......     100%        2    ###....
 Static Discharge         Conj/Air       ##......     100%        3    ###....
 Airstrike                Air            ###.......   100%        4    #####..
 Lightning Bolt           Conj/Air       ##........   100%        5    ######.


Dungeon Overview and Level Annotations

Branches:
Dungeon (2/15)

Altars:


Innate Abilities, Weirdness & Mutations

You have a beak for a mouth.
You have claws for feet.
You are agile. (Dex +2)
You are somewhat resistant to further mutation.


Message History

You aren't carrying any potions.
Okay, then.
* * * LOW HITPOINT WARNING * * *
You feel sick.
Things that are here:
a rat corpse; an adder corpse
* * * LOW HITPOINT WARNING * * *
You feel sick.
* * * LOW HITPOINT WARNING * * *
You feel sick.
You see here 5 gold pieces.
You now have 91 gold pieces (gained 5).
* * * LOW HITPOINT WARNING * * *
You feel sick.
* * * LOW HITPOINT WARNING * * *
You feel sick.
* * * LOW HITPOINT WARNING * * *
You feel sick.
Found a scroll labeled VEKYIJOITS.
You die...

.#
#...........#
.#
#.#.........#
.# #
###?..##..#
.# #....##..#
.####### #
#[#####..#
<.......
#.##.### #..#
.#######
.....###..#
##
#..#.#.#....#
#
#.....@.....#
#
##.#.#.#.####
# .....#... #
###.####### #
#. ## # # ..#
# #.# # #.#
###### ##.##


There were no monsters in sight!

Vanquished Creatures
  2 adders (D:2)
  A dart slug (D:1)
  3 giant cockroaches
  4 goblins (D:1)
  4 hobgoblins
  4 kobolds
  A quokka (D:2)
  A ball python (D:2)
  7 bats
  2 frilled lizards
  3 rats
32 creatures vanquished.

Notes
Turn   | Place    | Note
-------+----------+-------------------------------------------
     0 | D:1      | Brecoman the Tengu Air Elementalist began the quest for the
                  | Orb.
     0 | D:1      | Reached XP level 1. HP: 10/10 MP: 4/4
   218 | D:1      | Reached XP level 2. HP: 16/16 MP: 6/6
  1035 | D:2      | Reached XP level 3. HP: 14/20 MP: 7/7
  1160 | D:2      | Reached skill level 1 in Fighting
  1458 | D:2      | Gained mutation: You are somewhat resistant to further
                  | mutation. [potion of mutation]
  1458 | D:2      | Gained mutation: You are agile. (Dex +2) [potion of
                  | mutation]
  1485 | D:2      | HP: 1/20 [poisoned by an adder]
  1489 | D:2      | Succumbed to an adder's poison

Levels and vault maps discovered:
D:1:      evilmike_arrival_crescent, layout_basic
D:2:      layout_loops_ring

Skill      XL: |  1  2  3 |
---------------+----------+-----
Conjurations   | 2 |  2.4
Fighting       | 1 |  1.2
Dodging        | |  2.8
Stealth        | |  2.0
Spellcasting   | |  2.4
Air Magic      | |  4.5

Action                   || total
-------------------------++-------
Melee: Unarmed           ||     9
       Whip              ||    11
       Kick              ||    20
       Peck              ||     9
       Dagger            ||    60
  Use: Potion            ||     2
       Scroll            ||     1
  Eat: Chunk             ||     2
Armor: Chain mail        ||    62
Dodge: Dodged            ||    15

Table legend:
 A = Non-vault XP
 B = Vault XP
 C = Vault XP percentage of total XP
 D = Non-vault monster count
 E = Vault monster count
 F = Vault count percentage of total count
                 A         B        C        D         E       F
            +---------+---------+-------+---------+---------+-------
      Total |      77 |       0 |   0.0 |      32 |       0 |   0.0
            +---------+---------+-------+---------+---------+-------
        D:1 |      30 |       0 |   0.0 |      17 |       0 |   0.0
        D:2 |      47 |       0 |   0.0 |      15 |       0 |   0.0
            +---------+---------+-------+---------+---------+-------
